 Dungeon Crawl Stone Soup version 0.25.1-2-g60ff931df9 (webtiles) character file.

Game seed: 10014177935349302846

7547 RUZZLEFAZAZZLE the Blocker (level 11, -29/87 HPs)
             Began as a Gnoll Fighter on Aug 21, 2020.
             Was a Priest of the Shining One.
             Annihilated by a centaur warrior
             ... wielding the +11 spear "Soewimmu" {vorpal, *Rage +Inv rElec Int+2}
              (30 damage)
             ... on level 9 of the Dungeon.
             The game lasted 00:42:37 (10793 turns).

RUZZLEFAZAZZLE the Blocker (Gnoll Fighter)         Turns: 10793, Time: 00:42:38

Health: -29/87     AC: 12    Str: 22    XL:     11   Next: 17%
Magic:  14/19      EV: 13    Int: 10    God:    the Shining One [***...]
Gold:   339        SH: 12    Dex: 21    Spells: 21/21 levels left

rFire    . . .     SeeInvis +   a - +0 trident
rCold    . . .     Gourm    .   c - +0 kite shield
rNeg     + . .     Faith    .   b - +0 scale mail
rPois    .         Spirit   .   u - +0 helmet (curse)
rElec    .         Reflect  .   (no cloak)
rCorr    .         Harm     .   E - +0 pair of gloves
MR       .....                  C - +0 pair of boots
Stlth    +.........             (no amulet)
HPRegen  0.24/turn              k - +6 ring of dexterity
MPRegen  0.16/turn              o - ring of see invisible

@: glowing
A: distributed training, fangs 1, strong nose
a: Divine Shield, Renounce Religion


You were on level 9 of the Dungeon.
You worshipped the Shining One.
The Shining One was most pleased with you.
You were not hungry.

You visited 2 branches of the dungeon, and saw 10 of its levels.

You collected 339 gold pieces.

Inventory:

Hand Weapons
 a - a +0 trident (weapon)
 e - a +0 halberd
 r - a +0 spear
 F - a +0 spear of flaming
 G - a +1 spear of pain
Armour
 b - a +0 scale mail (worn)
 c - a +0 kite shield (worn)
 u - a cursed +0 helmet (worn)
 C - a +0 pair of boots (worn)
 E - a +0 pair of gloves (worn)
Jewellery
 k - a +6 ring of dexterity (left hand)
 n - an uncursed amulet of regeneration
 o - a ring of see invisible (right hand)
 x - a cursed ring of teleportation
Wands
 d - a wand of iceblast (1)
 i - a wand of disintegration (3)
 A - a wand of flame (2)
 D - a wand of digging (1)
Scrolls
 h - 5 scrolls of amnesia
 j - 8 scrolls of identify
 m - a scroll of enchant weapon
 p - a scroll of immolation
 s - 5 scrolls of teleportation
 v - 2 scrolls of remove curse
 w - 2 scrolls of fear
 y - 2 scrolls of magic mapping
Potions
 g - a potion of magic
 q - a potion of invisibility
 z - 3 potions of stabbing
Miscellaneous
 B - a phial of floods (inert)
Comestibles
 f - 8 rations


   Skills:
 + Level 8.9 Fighting
 + Level 5.9 Short Blades
 + Level 5.9 Long Blades
 + Level 5.9 Axes
 + Level 5.9 Maces & Flails
 + Level 7.6 Polearms
 + Level 5.9 Staves
 + Level 5.9 Slings
 + Level 5.9 Bows
 + Level 5.9 Crossbows
 + Level 5.9 Throwing
 + Level 8.9 Armour
 + Level 5.9 Dodging
 + Level 5.9 Stealth
 + Level 8.9 Shields
 + Level 5.9 Unarmed Combat
 + Level 5.9 Spellcasting
 + Level 4.9 Conjurations
 + Level 4.9 Hexes
 + Level 4.9 Charms
 + Level 4.9 Summonings
 + Level 4.9 Necromancy
 + Level 4.9 Translocations
 + Level 4.9 Transmutations
 + Level 4.9 Fire Magic
 + Level 4.9 Ice Magic
 + Level 4.9 Air Magic
 + Level 4.9 Earth Magic
 + Level 4.9 Poison Magic
 + Level 6.5 Invocations
 + Level 5.9 Evocations


You had 21 spell levels left.
You didn't know any spells.
Your spell library contained the following spells:

 Spells                   Type           Power        Failure   Level  Hunger
 Corona                   Hex            ##.....      14%         1    None
 Ensorcelled Hibernation  Hex/Ice        ##....       21%         2    ##.....
 Confusing Touch          Hex            ##......     38%         3    ###....
 Dazzling Flash           Conj/Hex       ##....       38%         3    ###....
 Tukima's Dance           Hex            ##......     38%         3    ###....


Dungeon Overview and Level Annotations

Branches:
Dungeon (9/15)             Temple (1/1) D:6
   Lair: D:8-11         Orc: D:9-12

Altars:
Ashenzari
Cheibriados
Dithmenos
Elyvilon
Fedhas
Gozag
Hepliaklqana
Kikubaaqudgha
Makhleb
Nemelex Xobeh
Okawaru
Qazlal
Ru
Sif Muna
Trog
Uskayaw
Vehumet
Wu Jian
Xom
Yredelemnul
Zin
The Shining One


Innate Abilities, Weirdness & Mutations

Your experience applies equally to all skills.
You have very sharp teeth.
Your uncanny sense of smell can sniff out nearby items.


Message History

The now-empty wand crumbles to dust.
You block the centaur warrior's attack. x2
The centaur warrior hits you with the +11 spear "Soewimmu" {vorpal, *Rage +Inv rElec Int+2}.
* * * LOW HITPOINT WARNING * * *
x2 The quokka bites you.
* * * LOW HITPOINT WARNING * * *
You impale the quokka!!
You kill the quokka!
The centaur warrior barely misses you. You block the centaur warrior's attack.
Attack whom?
Press: ? - help, Dir - move target cursor, f/p - centaur warrior
Aim: a centaur warrior, wielding the +11 spear "Soewimmu" {vorpal, *Rage +Inv rElec Int+2} and quivering 11 arrows (moderately wounded, berserk, haloed)
Okay, then.
Evoke which item? (* to show all) (? for menu, Esc to quit)
Aiming: Disintegrate
Press: ? - help, Shift-Dir - straight line, f/p - centaur warrior
Aim: a centaur warrior, wielding the +11 spear "Soewimmu" {vorpal, *Rage +Inv rElec Int+2} and quivering 11 arrows (moderately wounded, berserk, haloed, chance to defeat MR: 71%)
The centaur warrior struggles to resist.
You block the centaur warrior's attack.
The centaur warrior hits you with the +11 spear "Soewimmu" {vorpal, *Rage +Inv rElec Int+2}!!
You die...

#..........# . ###
#..........### ... ..##
#............####.... ..)####
###............≈)≈.>.
..(<).######..........).≈#...
#.###...........###'###.......
#.# ########....#≈§.≈≈#..o....
#.# #....#§#)#≈#....... #.#
#...c@§Z_..'..#.... #.#
##..##§#.#≈#..#._.. #.##
###.###≈≈)≈§#... ..) #..##
#.....###'###... ## ##..##
####.##.##...# ##..#
#............. ##.#
#....(.........
#.###..######....### #..##..#∆
....


You could see a centaur warrior (berserk) and a leopard gecko zombie.

Vanquished Creatures
  A hydra (D:8)
  2 two-headed ogres
  Pikel (D:6)
  The ghost of Delamore the Basher, a novice GrFi (D:7)
  An ugly thing (D:8)
  A hippogriff (D:9)
  A wyvern (D:9)
  Menkaure (D:7)
  Duvessa (D:7)
  A hornet zombie (D:7)
  4 sky beasts
  2 orc warriors
  3 slaves (D:6)
  2 ice beasts
  An eye of draining (D:9)
  4 ogres
  2 centaurs
  2 big kobolds
  Blork the orc (D:6)
  3 bullfrogs
  A wyvern zombie (D:6)
  A wyvern skeleton (D:6)
  Dowan (D:7)
  2 scorpions
  2 howler monkeys
  5 crimson imps
  2 centaur zombies
  A bullfrog zombie (D:6)
  2 jellies (D:5)
  A quasit (D:7)
  4 orc priests
  A bullfrog skeleton (D:6)
  3 hounds
  15 orc wizards
  Terence (D:2)
  3 iguanas
  8 worker ants
  A killer bee zombie (D:5)
  A hound zombie (D:6)
  2 hound skeletons
  2 worker ant zombies (D:6)
  6 adders
  9 gnolls
  2 shadow imps
  3 adder zombies
  A worm (D:2)
  2 dart slugs
  5 leopard geckos
  34 orcs
  2 bats
  9 giant cockroaches
  8 hobgoblins
  14 jackals
  7 quokkas
  A ball python (D:4)
  6 frilled lizards
  5 goblins
  18 kobolds
  A leopard gecko skeleton (D:6)
  5 rats
232 creatures vanquished.

Notes
Turn   | Place    | Note
-------+----------+-------------------------------------------
     0 | D:1      | RUZZLEFAZAZZLE the Gnoll Fighter began the quest for the
                  | Orb.
     0 | D:1      | Reached XP level 1. HP: 23/23 MP: 1/1
   236 | D:1      | Reached XP level 2. HP: 29/29 MP: 2/2
  1146 | D:2      | Found a white marble altar of Elyvilon.
  1149 | D:2      | Found a glowing golden altar of the Shining One.
  1161 | D:2      | Found a shadowy altar of Dithmenos.
  1178 | D:2      | Became a worshipper of the Shining One
  1250 | D:2      | Reached XP level 3. HP: 35/35 MP: 3/3
  1291 | D:2      | You fall into a shaft and drop 1 floor!
  1314 | D:2      | Reached skill level 1 in Invocations
  1766 | D:2      | Noticed Terence
  1779 | D:2      | Killed Terence
  1779 | D:2      | Reached skill level 1 in Short Blades
  1779 | D:2      | Reached skill level 1 in Long Blades
  1779 | D:2      | Reached skill level 1 in Axes
  1779 | D:2      | Reached skill level 1 in Maces & Flails
  1779 | D:2      | Reached skill level 1 in Staves
  1779 | D:2      | Reached skill level 1 in Slings
  1779 | D:2      | Reached skill level 1 in Bows
  1779 | D:2      | Reached skill level 1 in Crossbows
  1779 | D:2      | Reached skill level 1 in Throwing
  1779 | D:2      | Reached skill level 1 in Dodging
  1779 | D:2      | Reached skill level 1 in Stealth
  1779 | D:2      | Reached skill level 1 in Unarmed Combat
  1779 | D:2      | Reached skill level 1 in Spellcasting
  1779 | D:2      | Reached skill level 1 in Evocations
  1779 | D:2      | Reached XP level 4. HP: 40/41 MP: 5/5
  2328 | D:3      | Reached skill level 1 in Conjurations
  2328 | D:3      | Reached skill level 1 in Hexes
  2328 | D:3      | Reached skill level 1 in Charms
  2328 | D:3      | Reached skill level 1 in Summonings
  2328 | D:3      | Reached skill level 1 in Necromancy
  2328 | D:3      | Reached skill level 1 in Translocations
  2328 | D:3      | Reached skill level 1 in Transmutations
  2328 | D:3      | Reached skill level 1 in Fire Magic
  2328 | D:3      | Reached skill level 1 in Ice Magic
  2328 | D:3      | Reached skill level 1 in Air Magic
  2328 | D:3      | Reached skill level 1 in Earth Magic
  2328 | D:3      | Reached skill level 1 in Poison Magic
  2345 | D:3      | Reached XP level 5. HP: 37/47 MP: 6/6
  3065 | D:4      | Found a shattered altar of Ashenzari.
  3182 | D:4      | Reached XP level 6. HP: 30/53 MP: 8/8
  3384 | D:4      | Found a bloodstained altar of Trog.
  3488 | D:4      | HP: 2/53 [ogre/+0 giant club (14)]
  3490 | D:4      | Reached * piety under the Shining One
  3491 | D:4      | Reached skill level 5 in Polearms
  3872 | D:4      | Reached XP level 7. HP: 30/59 MP: 10/10
  4590 | D:5      | Entered Level 5 of the Dungeon
  4815 | D:5      | Found a blossoming altar of Fedhas.
  4921 | D:5      | Reached XP level 8. HP: 60/67 MP: 12/12
  5071 | D:5      | Found a shimmering altar of Xom.
  5431 | D:5      | Reached ** piety under the Shining One
  5862 | D:6      | Noticed Blork the orc
  5875 | D:6      | Killed Blork the orc
  6016 | D:6      | Found an iron altar of Okawaru.
  6018 | D:6      | Found a shimmering blue altar of Sif Muna.
  6018 | D:6      | Found a sparkling altar of Nemelex Xobeh.
  6233 | D:6      | Found a staircase to the Ecumenical Temple.
  6259 | Temple   | Entered the Ecumenical Temple
  6325 | D:6      | Noticed Pikel
  6346 | D:6      | Killed Pikel
  6346 | D:6      | Reached XP level 9. HP: 48/73 MP: 13/15
  7293 | D:7      | Reached *** piety under the Shining One
  7334 | D:8      | Reached skill level 5 in Invocations
  7480 | D:7      | Found a large runed translucent door.
  7482 | D:7      | Found a large runed translucent door.
  7634 | D:7      | Noticed Delamore's ghost (novice GrFi)
  7655 | D:7      | Killed Delamore's ghost
  7655 | D:7      | Reached XP level 10. HP: 76/80 MP: 15/17
  7751 | D:7      | Noticed Dowan
  7762 | D:7      | Killed Dowan
  7802 | D:7      | Noticed Duvessa
  7802 | D:7      | Noticed Menkaure
  7812 | D:7      | Killed Duvessa
  7815 | D:7      | Killed Menkaure
  8114 | D:8      | Noticed a two-headed ogre
  8130 | D:7      | Killed a two-headed ogre
  8130 | D:7      | Reached skill level 5 in Short Blades
  8130 | D:7      | Reached skill level 5 in Long Blades
  8130 | D:7      | Reached skill level 5 in Axes
  8130 | D:7      | Reached skill level 5 in Maces & Flails
  8130 | D:7      | Reached skill level 5 in Staves
  8130 | D:7      | Reached skill level 5 in Slings
  8130 | D:7      | Reached skill level 5 in Bows
  8130 | D:7      | Reached skill level 5 in Crossbows
  8130 | D:7      | Reached skill level 5 in Throwing
  8130 | D:7      | Reached skill level 5 in Dodging
  8130 | D:7      | Reached skill level 5 in Stealth
  8130 | D:7      | Reached skill level 5 in Unarmed Combat
  8130 | D:7      | Reached skill level 5 in Spellcasting
  8130 | D:7      | Reached skill level 5 in Evocations
  8937 | D:8      | Noticed a four-headed hydra
  8957 | D:8      | The Shining One protects you from harm!
  8959 | D:8      | HP: 4/82 [four-headed hydra (6)]
  9467 | D:8      | Killed a four-headed hydra
  9924 | D:9      | Found a hide-covered altar of Uskayaw.
  9927 | D:9      | Found a snail-covered altar of Cheibriados.
  9942 | D:9      | Noticed a purple ugly thing
 10326 | D:8      | Killed a purple ugly thing
 10447 | D:9      | Reached XP level 11. HP: 64/87 MP: 19/19
 10707 | D:9      | Noticed a two-headed ogre
 10717 | D:9      | Killed a two-headed ogre
 10731 | D:9      | Identified the ring "Leqycuse" {rPois MR+ MP+9 Str+4}
 10780 | D:9      | Identified the +11 spear "Soewimmu" {vorpal, *Rage +Inv
                  | rElec Int+2}
 10780 | D:9      | Noticed a centaur warrior
 10789 | D:9      | HP: 3/87 [centaur warrior/the +11 spear "Soewimmu" {vorpal,
                  | *Rage +Inv rElec Int+2} (4)]
 10791 | D:9      | HP: 1/87 [quokka (3)]
 10793 | D:9      | Annihilated by a centaur warrior

Illustrated notes

Levels and vault maps discovered:
D:1:      dpeg_arrival_radiant, layout_basic
D:2:      layout_basic, grunt_temple_overflow_open, first_ration,
          serial_bayou_crossing, uniq_terence
D:3:      layout_basic
D:4:      layout_rooms, ashenzari_altar_1, bloody_trog
D:5:      minmay_diamond_boxcup, layout_basic, fedhas_altar_3, xom_teletrap_fun
D:6:      layout_loops_ring, chequers_temple_overflow_statue_of_worship,
          minmay_temple_entry_statues_fountains, serial_undead, serial_undead_c,
          serial_undead_b, serial_undead_d, serial_undead_e, uniq_blork_the_orc,
          uniq_pikel
D:7:      layout_cave_pools, ebering_ghost_disaster_area, uniq_duvessa,
          uniq_menkaure
D:8:      kennysheep_big_flooded_room, layout_cave_pools
D:9:      minmay_cut_squares, layout_rooms, kennysheep_little_box,
          cheibriados_altar_1
Temple:   nicolae_temple_no_exploring_needed

Skill      XL: |  1  2  3  4  5  6  7  8  9 10 |
---------------+-------------------------------+-----
Invocations    | 1 2 3 4 5 6 |  6.5
Short Blades   | 1 2 4 5 |  5.9
Long Blades    | 1 2 4 5 |  5.9
Axes           | 1 2 4 5 |  5.9
Maces & Flails | 1 2 4 5 |  5.9
Staves         | 1 2 4 5 |  5.9
Slings         | 1 2 4 5 |  5.9
Bows           | 1 2 4 5 |  5.9
Crossbows      | 1 2 4 5 |  5.9
Throwing       | 1 2 4 5 |  5.9
Dodging        | 1 2 4 5 |  5.9
Stealth        | 1 2 4 5 |  5.9
Unarmed Combat | 1 2 4 5 |  5.9
Spellcasting   | 1 2 4 5 |  5.9
Evocations     | 1 2 4 5 |  5.9
Conjurations   | 1 2 3 4 |  4.9
Hexes          | 1 2 3 4 |  4.9
Charms         | 1 2 3 4 |  4.9
Summonings     | 1 2 3 4 |  4.9
Necromancy     | 1 2 3 4 |  4.9
Translocations | 1 2 3 4 |  4.9
Transmutations | 1 2 3 4 |  4.9
Fire Magic     | 1 2 3 4 |  4.9
Ice Magic      | 1 2 3 4 |  4.9
Air Magic      | 1 2 3 4 |  4.9
Earth Magic    | 1 2 3 4 |  4.9
Poison Magic   | 1 2 3 4 |  4.9
Polearms       | 5 6 7 |  7.6
Fighting       | 7 8 |  8.9
Armour         | 7 8 |  8.9
Shields        | 7 8 |  8.9

Action                   |  1- 3 |  4- 6 |  7- 9 | 10-12 || total
-------------------------+-------+-------+-------+-------++-------
Melee: Trident           |    87 |   168 |   427 |   278 ||   960
       Bite              |    10 |    23 |    66 |    48 ||   147
Invok: Divine Shield     |       |       |     1 |     2 ||     3
Evoke: Wand              |       |       |     1 |    22 ||    23
       Phial of floods   |       |       |       |     1 ||     1
  Use: Potion            |       |     7 |     3 |     7 ||    17
       Scroll            |       |     7 |     7 |     1 ||    15
  Eat: Chunk             |     2 |     7 |     3 |     3 ||    15
       Ration            |       |       |     3 |     3 ||     6
Armor: Scale mail        |    33 |    35 |    85 |    88 ||   241
       Skin              |       |    10 |    23 |     3 ||    36
Dodge: Dodged            |    20 |    41 |   129 |   154 ||   344
Block: Kite shield       |    50 |   103 |   256 |   204 ||   613
